 Dungeon Crawl Stone Soup version 0.21-b1-23-g1fb0a74c36 (webtiles) character file.

5384 Chiseanne the Fighter (level 10, -1/85 HPs)
             Began as a Gnoll Wanderer on Jan 6, 2018.
             Was an Initiate of Gozag.
             Slain by a two-headed ogre
             ... wielding a +0 giant club
              (20 damage)
             ... on level 9 of the Dungeon.
             The game lasted 00:41:54 (9045 turns).

Chiseanne the Fighter (Gnoll Wanderer)              Turns: 9045, Time: 00:41:55

Health: -1/85      AC: 13    Str: 15    XL:     10   Next: 66%
Magic:  18/18      EV: 14    Int: 15    God:    Gozag
Gold:   848        SH:  0    Dex: 17    Spells: 18/19 levels left

rFire    . . .     SeeInvis .   a - +3 hand axe (venom)
rCold    + . .     Gourm    .   (no shield)
rNeg     + . .     Faith    .   E - +4 ring mail {rC+}
rPois    .         Spirit   .   A - +0 helmet
rElec    .         Reflect  .   (no cloak)
rCorr    .         Harm     .   n - +1 pair of gloves
MR       .....                  (no boots)
Stlth    +++.......             (no amulet)
HPRegen  0.24/turn              x - ring of positive energy
MPRegen  0.16/turn              (no ring)

@: no status effects
A: distributed training, fangs 1, strong nose
a: Potion Petition, Call Merchant, Bribe Branch, Renounce Religion


You were on level 9 of the Dungeon.
You worshipped Gozag.
Gozag was pleased with you.
You were not hungry.

You visited 2 branches of the dungeon, and saw 10 of its levels.

You collected 922 gold pieces.
You paid 74 gold pieces to Gozag.

Inventory:

Hand Weapons
 a - a +3 hand axe of venom (weapon)
 i - a +2 rapier of flaming
 s - a +3 quarterstaff
 v - a +1 flail of protection
 D - a +2 whip of freezing
 O - a +2 trident of piercing
Missiles
 c - 96 arrows
 g - 8 javelins
 m - 4 throwing nets
 o - 160 stones
 q - 61 bolts
 w - 18 poisoned needles
 B - 5 tomahawks of returning
 F - 9 tomahawks (quivered)
 N - 19 sling bullets
Armour
 e - a +1 chain mail of fire resistance
 n - a +1 pair of gloves (worn)
 A - a +0 helmet (worn)
 E - a +4 ring mail of cold resistance (worn)
 L - quicksilver dragon scales
Jewellery
 x - a ring of positive energy (left hand)
Wands
 u - a wand of digging (8)
 G - a wand of polymorph (11)
 M - a wand of paralysis (6)
Scrolls
 h - 3 scrolls of enchant armour
 j - 2 scrolls of amnesia
 l - 5 scrolls of teleportation
 p - a scroll of blinking
 r - 3 scrolls of remove curse
Potions
 d - 2 potions of lignification
 k - a potion of heal wounds
 t - 4 potions of curing
 z - a potion of might
 C - 2 potions of haste
 H - a potion of berserk rage
 I - a potion of mutation {unknown}
 J - a potion of agility
 K - a potion of invisibility
Comestibles
 f - 14 rations


   Skills:
 + Level 10.1 Fighting
 + Level 5.4 Short Blades
 + Level 5.4 Long Blades
 + Level 6.0 Axes
 + Level 5.4 Maces & Flails
 + Level 5.4 Polearms
 + Level 6.0 Staves
 + Level 5.4 Slings
 + Level 5.4 Bows
 + Level 5.4 Crossbows
 + Level 5.4 Throwing
 + Level 6.0 Armour
 + Level 5.4 Dodging
 + Level 5.9 Stealth
 + Level 6.0 Shields
 + Level 5.4 Unarmed Combat
 + Level 5.4 Spellcasting
 + Level 4.4 Conjurations
 + Level 4.4 Hexes
 + Level 4.4 Charms
 + Level 4.4 Summonings
 + Level 4.4 Necromancy
 + Level 4.4 Translocations
 + Level 4.4 Transmutations
 + Level 4.4 Fire Magic
 + Level 4.4 Ice Magic
 + Level 4.4 Air Magic
 + Level 4.4 Earth Magic
 + Level 4.4 Poison Magic
 + Level 5.9 Invocations
 + Level 6.0 Evocations


You had 18 spell levels left.
You knew the following spells:

 Your Spells              Type           Power        Failure   Level  Hunger
a - Apportation           Tloc           ###...       4%          1    None


Dungeon Overview and Level Annotations

Branches:
Dungeon (9/15)             Temple (1/1) D:6
   Lair: D:8-11         Orc: D:9-12

Altars:
Ashenzari
Cheibriados
Dithmenos
Elyvilon
Fedhas
Gozag
Hepliaklqana
Makhleb
Qazlal
Sif Muna
Trog
Uskayaw
Vehumet
Wu Jian
Xom
Yredelemnul
Zin
The Shining One

Shops:
D:6 :

Annotations:
D:5 Zaque's ghost, novice GrEE


Innate Abilities, Weirdness & Mutations

Your experience applies equally to all skills.
You have very sharp teeth.
Your uncanny sense of smell can sniff out nearby items.


Message History

The two-headed ogre hits you with a giant club!
The two-headed ogre hits you with a dire flail.
You hit the two-headed ogre.
The two-headed ogre looks as sick as possible!
The two-headed ogre is severely wounded.
The two-headed ogre barely misses you. The two-headed ogre closely misses you.
You hit the two-headed ogre.
The two-headed ogre looks as sick as possible!
The two-headed ogre is severely wounded.
The two-headed ogre hits you with a giant club!!
* * * LOW HITPOINT WARNING * * *
The two-headed ogre hits you but does no damage.
There is a stone staircase leading down here.
You hit the two-headed ogre but do no damage.
The two-headed ogre looks as sick as possible!
You bite the two-headed ogre, but do no damage.
The two-headed ogre is almost dead.
The two-headed ogre hits you with a giant club!!
You die...
Your body crumbles into a pile of gold.

............... .
#...........# .# ..
.##...........##..#
#......................
#.... #..............[.
#....##...$............
#......................
+......................
#.......@O............#
#........[..........>.#
#......<...............
#..###############.....
. .... ..


You could see a two-headed ogre.

Vanquished Creatures
  2 two-headed ogres
  A human (D:7)
  4 hogs (D:7)
  Edmund (D:5)
  Duvessa (D:5)
  A swamp drake (D:7)
  An orc warrior (D:8)
  4 sky beasts
  3 ogres
  2 centaurs (D:8)
  A big kobold (D:8)
  5 bullfrogs
  Dowan (D:5)
  2 scorpions
  6 killer bees (D:8)
  A howler monkey (D:5)
  3 electric eels (D:8)
  2 crimson imps
  2 quasits (D:8)
  A bullfrog zombie (D:8)
  10 orc priests
  A hound (D:6)
  2 jellies
  7 orc wizards
  A centaur skeleton (D:6)
  2 iguanas
  5 worker ants
  A worker ant zombie (D:8)
  Robin (D:4)
  4 gnolls (D:8)
  12 adders
  A shadow imp (D:5)
  An adder zombie (D:6)
  An adder skeleton (D:8)
  3 worms (D:3)
  4 dart slugs
  8 leopard geckos
  32 orcs
  A ball python (D:6)
  5 giant cockroaches
  12 goblins
  9 hobgoblins
  6 jackals
  3 quokkas
  2 bats
  3 frilled lizards
  8 kobolds
  A quokka skeleton (D:6)
  8 rats
198 creatures vanquished.

Vanquished Creatures (others)
  12 plants (D:8)
12 creatures vanquished.

Grand Total: 210 creatures vanquished

Notes
Turn   | Place    | Note
-------+----------+-------------------------------------------
     0 | D:1      | Chiseanne the Gnoll Wanderer began the quest for the Orb.
     0 | D:1      | Chiseanne set off with: a +2 quarterstaff, a +0 shortbow, 24 arrows, a potion of lignification, a +0 robe, a ration
     0 | D:1      | Reached XP level 1. HP: 26/26 MP: 2/2
   215 | D:1      | Reached XP level 2. HP: 33/33 MP: 3/3
   435 | D:1      | Reached XP level 3. HP: 34/38 MP: 4/4
   664 | D:2      | Reached skill level 1 in Invocations
   672 | D:2      | Reached skill level 1 in Short Blades
   672 | D:2      | Reached skill level 1 in Long Blades
   672 | D:2      | Reached skill level 1 in Maces & Flails
   672 | D:2      | Reached skill level 1 in Polearms
   672 | D:2      | Reached skill level 1 in Slings
   672 | D:2      | Reached skill level 1 in Bows
   672 | D:2      | Reached skill level 1 in Crossbows
   672 | D:2      | Reached skill level 1 in Throwing
   672 | D:2      | Reached skill level 1 in Dodging
   672 | D:2      | Reached skill level 1 in Unarmed Combat
   672 | D:2      | Reached skill level 1 in Spellcasting
   733 | D:2      | Reached XP level 4. HP: 45/45 MP: 6/6
   748 | D:2      | Found a glowing golden altar of the Shining One.
  1043 | D:2      | Found an ornate altar of the Wu Jian Council.
  1503 | D:3      | Reached skill level 1 in Conjurations
  1503 | D:3      | Reached skill level 1 in Hexes
  1503 | D:3      | Reached skill level 1 in Charms
  1503 | D:3      | Reached skill level 1 in Summonings
  1503 | D:3      | Reached skill level 1 in Necromancy
  1503 | D:3      | Reached skill level 1 in Translocations
  1503 | D:3      | Reached skill level 1 in Transmutations
  1503 | D:3      | Reached skill level 1 in Fire Magic
  1503 | D:3      | Reached skill level 1 in Ice Magic
  1503 | D:3      | Reached skill level 1 in Air Magic
  1503 | D:3      | Reached skill level 1 in Earth Magic
  1503 | D:3      | Reached skill level 1 in Poison Magic
  1509 | D:3      | Found a glowing golden altar of the Shining One.
  1929 | D:3      | Reached XP level 5. HP: 51/51 MP: 7/7
  1942 | D:3      | Found a snail-covered altar of Cheibriados.
  2254 | D:4      | Found a shadowy altar of Dithmenos.
  2291 | D:4      | Reached XP level 6. HP: 35/57 MP: 8/8
  2537 | D:4      | Found a hide-covered altar of Uskayaw.
  2539 | D:4      | Found a bloodstained altar of Trog.
  3055 | D:4      | Learned a level 1 spell: Apportation
  3183 | D:4      | Noticed Robin
  3217 | D:4      | Killed Robin
  3435 | D:5      | Entered Level 5 of the Dungeon
  3435 | D:5      | Noticed Zaque's ghost (novice GrEE)
  3516 | D:5      | Noticed Duvessa
  3517 | D:5      | Noticed Dowan
  3540 | D:5      | Killed Duvessa
  3540 | D:5      | Reached XP level 7. HP: 37/63 MP: 10/10
  3760 | D:5      | Killed Dowan
  4016 | D:5      | Found a basalt altar of Yredelemnul.
  4020 | D:5      | Reached skill level 9 in Fighting
  4127 | D:5      | Found a stormy altar of Qazlal.
  4140 | D:5      | Noticed Edmund
  4153 | D:5      | Killed Edmund
  4153 | D:5      | Reached XP level 8. HP: 27/71 MP: 10/12
  5138 | D:6      | Found Tyilacrest's Book Boutique.
  5220 | D:6      | Found a staircase to the Ecumenical Temple.
  5232 | Temple   | Entered the Ecumenical Temple
  5240 | Temple   | Became a worshipper of Gozag Ym Sagoz the Greedy
  5418 | D:6      | Found a snail-covered altar of Cheibriados.
  5640 | D:7      | Found a hazy altar of Hepliaklqana.
  5643 | D:7      | Found a shattered altar of Ashenzari.
  5648 | D:7      | Found a white marble altar of Elyvilon.
  5958 | D:7      | Reached XP level 9. HP: 74/76 MP: 14/14
  6144 | D:7      | Reached skill level 5 in Axes
  6144 | D:7      | Reached skill level 5 in Staves
  6144 | D:7      | Reached skill level 5 in Armour
  6144 | D:7      | Reached skill level 5 in Shields
  6144 | D:7      | Reached skill level 5 in Evocations
  6337 | D:8      | Noticed a two-headed ogre
  6427 | D:8      | Reached skill level 5 in Stealth
  6792 | D:8      | Reached skill level 5 in Invocations
  7549 | D:8      | Killed a two-headed ogre
  7549 | D:8      | Reached XP level 10. HP: 34/85 MP: 15/17
  7588 | D:8      | Reached skill level 5 in Short Blades
  7588 | D:8      | Reached skill level 5 in Long Blades
  7588 | D:8      | Reached skill level 5 in Maces & Flails
  7588 | D:8      | Reached skill level 5 in Polearms
  7588 | D:8      | Reached skill level 5 in Slings
  7588 | D:8      | Reached skill level 5 in Bows
  7588 | D:8      | Reached skill level 5 in Crossbows
  7588 | D:8      | Reached skill level 5 in Throwing
  7588 | D:8      | Reached skill level 5 in Dodging
  7588 | D:8      | Reached skill level 5 in Unarmed Combat
  7588 | D:8      | Reached skill level 5 in Spellcasting
  7973 | D:8      | Reached skill level 10 in Fighting
  8414 | D:8      | Noticed a two-headed ogre
  8461 | D:7      | Killed a two-headed ogre
  9022 | D:9      | Noticed a two-headed ogre
  9045 | D:9      | Slain by a two-headed ogre

Skill      XL: |  1  2  3  4  5  6  7  8  9 10 |
---------------+-------------------------------+-----
Invocations    | 1 2 3 4 5 |  5.9
Short Blades   | 1 2 3 4 5 |  5.4
Long Blades    | 1 2 3 4 5 |  5.4
Maces & Flails | 1 2 3 4 5 |  5.4
Polearms       | 1 2 3 4 5 |  5.4
Slings         | 1 2 3 4 5 |  5.4
Bows           | 1 2 3 4 5 |  5.4
Crossbows      | 1 2 3 4 5 |  5.4
Throwing       | 1 2 3 4 5 |  5.4
Dodging        | 1 2 3 4 5 |  5.4
Unarmed Combat | 1 2 3 4 5 |  5.4
Spellcasting   | 1 2 3 4 5 |  5.4
Conjurations   | 1 2 3 4 |  4.4
Hexes          | 1 2 3 4 |  4.4
Charms         | 1 2 3 4 |  4.4
Summonings     | 1 2 3 4 |  4.4
Necromancy     | 1 2 3 4 |  4.4
Translocations | 1 2 3 4 |  4.4
Transmutations | 1 2 3 4 |  4.4
Fire Magic     | 1 2 3 4 |  4.4
Ice Magic      | 1 2 3 4 |  4.4
Air Magic      | 1 2 3 4 |  4.4
Earth Magic    | 1 2 3 4 |  4.4
Poison Magic   | 1 2 3 4 |  4.4
Axes           | 3 4 5 6 |  6.0
Staves         | 3 4 5 6 |  6.0
Armour         | 3 4 5 6 |  6.0
Shields        | 3 4 5 6 |  6.0
Evocations     | 3 4 5 6 |  6.0
Stealth        | 3 4 5 |  5.9
Fighting       | 9 10 | 10.1

Action                   |  1- 3 |  4- 6 |  7- 9 | 10-12 || total
-------------------------+-------+-------+-------+-------++-------
Melee: Quarterstaff      |    67 |   166 |    31 |     8 ||   272
       Bite              |     6 |    14 |    51 |    12 ||    83
       Hand axe          |       |       |   294 |    62 ||   356
       Punch             |       |       |     3 |     2 ||     5
Throw: Tomahawk          |       |       |     4 |       ||     4
Evoke: Wand              |       |       |     9 |    22 ||    31
  Use: Scroll            |     1 |     9 |     9 |     2 ||    21
       Potion            |       |       |       |     1 ||     1
 Stab: Sleeping          |     6 |     7 |     5 |     1 ||    19
       Distracted        |       |       |     1 |     1 ||     2
       Confused          |       |       |       |     2 ||     2
  Eat: Chunk             |       |     8 |     3 |       ||    11
       Ration            |       |       |     4 |     1 ||     5
Armor: Leather armour    |    23 |    41 |    27 |       ||    91
       Chain mail        |       |       |   127 |    34 ||   161
       Skin              |       |       |       |    67 ||    67
       Ring mail         |       |       |       |     2 ||     2
Dodge: Dodged            |    51 |    95 |   175 |    33 ||   354
